 Dungeon Crawl Stone Soup version 0.31-a0-121-g1e386dd289 (webtiles) character file.

Game seed: 13388217285058449725

11018 porpoise the Severer (level 11, -11/97 HPs)
             Began as a Hill Orc Fighter on June 1, 2023.
             Was a Believer of Qazlal.
             Mangled by a skeletal warrior
             ... wielding a +0 scimitar
              (16 damage)
             ... on level 11 of the Dungeon.
             The game lasted 00:41:39 (12166 turns).

porpoise the Severer (Hill Orc Fighter)            Turns: 12166, Time: 00:41:39

Health: -11/97     AC: 11    Str: 22    XL:     11   Next: 71%
Magic:  18/18      EV: 18    Int:  8    God:    Qazlal [**....]
Gold:   191        SH: 10    Dex: 18    Spells: 10/10 levels left

rFire   + . .        a - +1 war axe
rCold   . . .        c - +1 buckler
rNeg    . . .        U - +3 leather armour {rF+}
rPois   .            l - +0 helmet
rElec   .            J - +1 cloak
rCorr   .            S - +0 pair of gloves
SInv    .            (no boots)
Will    .....        T - amulet of regeneration
Stlth   +            h - +6 ring of dexterity
HPRegen 1.16/turn    d - +5 ring of evasion
MPRegen 0.16/turn

%: no passive effects
@: on berserk cooldown, slowed, very slow
A: no striking features
a: Renounce Religion, Upheaval


You were on level 11 of the Dungeon.
You worshipped Qazlal.
Qazlal was pleased with you.
You visited 2 branches of the dungeon, and saw 12 of its levels.
You also visited: Ossuary.

You collected 539 gold pieces.
You spent 348 gold pieces at shops.

Inventory:

Hand Weapons
 a - a +1 war axe (weapon)
 b - a +0 sling
 n - a +1 flail of draining
Missiles
 i - 3 boomerangs (quivered)
 p - 6 javelins
 r - 3 throwing nets
 L - 5 poisoned darts
Armour
 c - a +1 buckler (worn)
 j - a +0 scale mail
 l - a +0 helmet (worn)
 u - an orb of mayhem
 J - a +1 cloak (worn)
 S - a +0 pair of gloves (worn)
 U - a +3 leather armour of fire resistance (worn)
Jewellery
 d - a +5 ring of evasion (right hand)
 h - a +6 ring of dexterity (left hand)
 v - a ring of resist corrosion
 M - a ring of ice
 R - a ring of protection from cold
 T - an amulet of regeneration (around neck)
Wands
 t - a wand of polymorph (17)
 y - a wand of digging (8)
 B - a wand of paralysis (7)
 H - a wand of roots (13)
Scrolls
 f - 4 scrolls of poison
 g - 4 scrolls of teleportation
 k - 4 scrolls of enchant armour
 m - a scroll of torment {unknown}
 q - a scroll of blinking {unknown}
 w - 2 scrolls of enchant weapon
 x - a scroll of fog {unknown}
 C - a scroll of magic mapping
 G - a scroll of amnesia {unknown}
 I - a scroll of vulnerability {unknown}
 P - a scroll of immolation
Potions
 e - 6 potions of brilliance
 o - 8 potions of curing
 s - a potion of berserk rage
 z - 4 potions of enlightenment
 A - 2 potions of magic
 D - 2 potions of ambrosia
 E - 5 potions of heal wounds
 F - a potion of attraction
 K - a potion of lignification
 O - 2 potions of invisibility
 Q - 2 potions of cancellation
Miscellaneous
 N - a lightning rod (4/4)


   Skills:
 - Level 9.0 Fighting
 - Level 16.0 Axes
 - Level 7.0 Armour
 + Level 4.2 Dodging
 - Level 5.0 Shields
 * Level 10.3 Invocations


You had 10 spell levels left.
You didn't know any spells.
Your spell library contained the following spells:

 Spells                   Type           Power      Damage    Failure   Level
 Freeze                   Ice            0%         1d3       52%         1
 Slow                     Hex            0%         N/A       52%         1
 Summon Small Mammal      Summ           0%         N/A       52%         1
 Ensorcelled Hibernation  Hex/Ice        0%         N/A       65%         2
 Poisonous Vapours        Pois/Air       0%         N/A       65%         2
 Call Canine Familiar     Summ           0%         N/A       87%         3
 Confusing Touch          Hex            0%         N/A       87%         3
 Frozen Ramparts          Ice            0%         1d1       87%         3
 Hailstorm                Conj/Ice       0%         3d3       87%         3
 Mephitic Cloud           Conj/Pois/Air  0%         N/A       87%         3
 Spider Form              Tmut/Pois      0%         N/A       87%         3
 Summon Guardian Golem    Hex/Summ       0%         N/A       87%         3
 Vampiric Draining        Necr           0%         2d6       87%         3
 Anguish                  Hex/Necr       0%         N/A       99%         4
 Freezing Cloud           Conj/Ice/Air   0%         6-21      100%        5


Dungeon Overview and Level Annotations

Branches:
Dungeon (11/15)            Temple (1/1) D:4             Orc (0/2) D:10
Ossuary (visited)
   Lair: D:8-11

Altars:
Ashenzari
Cheibriados
Dithmenos
Elyvilon
Fedhas
Gozag
Hepliaklqana
Kikubaaqudgha
Makhleb
Nemelex Xobeh
Okawaru
Qazlal
Ru
Sif Muna
Trog
Uskayaw
Vehumet
Wu Jian
Xom
Yredelemnul
Zin
The Shining One

Shops:
D:7 (   D:9 (:!?


Message History

You are too injured to fight recklessly!
You slice the skeletal warrior!!
The skeletal warrior is severely damaged.
You slice the skeletal warrior!!
The skeletal warrior is almost destroyed.
You barely miss the skeletal warrior.
The skeletal warrior is almost destroyed.
You block the skeletal warrior's attack. x2
You slash the skeletal warrior!
You destroy the skeletal warrior!
Qazlal accepts your kill.
The skeletal warrior hits you from afar with a +0 trident!
Your Invocations skill increases to level 10!
You closely miss the skeletal warrior.
You hit the skeletal warrior but do no damage.
You are no longer berserk.
You are exhausted.
You feel yourself slow down.
The skeletal warrior hits you but does no damage.
The skeletal warrior completely misses you.
You slash the skeletal warrior!
The skeletal warrior is moderately damaged.
The skeletal warrior hits you with a +0 scimitar!!
* * * LOW HITPOINT WARNING * * *
You block the skeletal warrior's attack.
You hit the skeletal warrior.
The skeletal warrior is moderately damaged.
The skeletal warrior hits you from afar with a +0 trident!
* * * LOW HITPOINT WARNING * * *
You block the skeletal warrior's attack.
You hit the skeletal warrior but do no damage.
The skeletal warrior is moderately damaged.
You block the skeletal warrior's attack.
The skeletal warrior hits you with a +0 scimitar!
* * * LOW HITPOINT WARNING * * *
You slice the skeletal warrior!!
The skeletal warrior is heavily damaged.
You block the skeletal warrior's attack.
The skeletal warrior hits you with a +0 scimitar!
You die...

..<.#...'......##...#
....#...#......#....
....#...#......#..#
....#####......#..#
...............'..###
...............#...>#
......>........#....#
.....###########....#
.....# .......@...#
.....+ ...###z###.#
###..# ..z #.# #..#
#... #.# #... #.#
#... #.# #... #.#
#### #.# ..#


You could see 2 skeletal warriors.

Vanquished Creatures
  3 skeletal warriors (D:11)
  Maurice (D:8)
  Sigmund (D:4)
  A wyvern (D:9)
  4 wraiths
  13 yaks
  A steam dragon (D:9)
  2 vampire mosquitoes (D:10)
  Edmund (D:4)
  An acid dragon (D:9)
  A water moccasin (D:8)
  6 orc warriors
  An ice beast (D:7)
  A sky beast (D:7)
  2 black bears
  3 centaurs
  4 ogres
  2 phantoms (D:4)
  Blork the orc (D:4)
  4 bullfrogs
  4 scorpions
  2 gnoll sergeants
  15 wights
  20 killer bees
  4 electric eels
  4 howler monkeys
  6 orc priests
  4 jellies
  5 hounds
  2 sleepcaps (D:5)
  2 gnoll boudas
  An iguana (D:7)
  13 orc wizards
  Ijyb (D:3)
  2 mummies
  20 gnolls
  10 adders
  A shadow imp (D:8)
  A white imp (D:7)
  2 worms
  3 dart slugs
  30 orcs
  6 bats
  9 endoplasms
  5 giant cockroaches
  4 goblins
  9 hobgoblins
  5 jackals
  A quokka (D:1)
  4 ball pythons
  A frilled lizard (D:1)
  6 gnoll skeletons (Ossuary)
  4 kobolds
  7 kobold skeletons (Ossuary)
  12 orc skeletons (Ossuary)
  3 rats
281 creatures vanquished.

Notes
Turn   | Place    | Note
-------+----------+-------------------------------------------
     0 | D:1      | porpoise the Hill Orc Fighter began the quest for the Orb.
     0 | D:1      | Reached XP level 1. HP: 19/19 MP: 1/1
   160 | D:1      | Reached skill level 3 in Axes
   185 | D:1      | Reached XP level 2. HP: 23/27 MP: 2/2
   322 | D:1      | Reached skill level 4 in Axes
   369 | D:1      | Reached XP level 3. HP: 33/33 MP: 3/3
  1276 | D:2      | Reached XP level 4. HP: 41/41 MP: 4/4
  2018 | D:3      | Reached skill level 5 in Axes
  2144 | D:3      | Noticed Ijyb
  2154 | D:3      | Killed Ijyb
  2230 | D:3      | Reached XP level 5. HP: 43/47 MP: 5/5
  2354 | D:3      | Reached skill level 5 in Fighting
  2356 | D:3      | Reached skill level 6 in Axes
  2991 | D:4      | Noticed Sigmund
  2991 | D:4      | Noticed Blork the orc
  2991 | D:4      | Noticed a phantom
  3139 | D:4      | Killed Sigmund
  3140 | D:4      | Reached skill level 7 in Axes
  3140 | D:4      | Reached XP level 6. HP: 29/57 MP: 6/6
  3238 | D:4      | Noticed Edmund
  3264 | D:4      | Killed Edmund
  3265 | D:4      | Reached skill level 8 in Axes
  3265 | D:4      | Reached XP level 7. HP: 8/55 MP: 7/7
  3479 | D:4      | Found a staircase to the Ecumenical Temple.
  3506 | Temple   | Entered the Ecumenical Temple
  3881 | D:4      | Killed Blork the orc
  3937 | D:4      | Found a blossoming altar of Fedhas.
  4132 | D:4      | Reached skill level 9 in Axes
  4297 | D:5      | Entered Level 5 of the Dungeon
  4381 | D:5      | Found a glowing silver altar of Zin.
  4381 | D:5      | Found a white marble altar of Elyvilon.
  4381 | D:5      | Found a glowing golden altar of the Shining One.
  4645 | D:5      | Reached XP level 8. HP: 67/73 MP: 8/8
  4697 | D:5      | Reached skill level 10 in Axes
  5495 | D:6      | Reached skill level 11 in Axes
  5850 | D:6      | Reached skill level 12 in Axes
  5877 | D:6      | Reached XP level 9. HP: 82/82 MP: 9/9
  6608 | D:7      | Found a sand-covered staircase.
  6619 | Ossuary  | Entered an ossuary
  6890 | Ossuary  | Reached skill level 13 in Axes
  7184 | D:7      | Identified the +4 flail of Jizukeje {chaos, rF+ Dex+3}
  7414 | D:7      | Found Kaphoklu's Antique Weapon Shoppe.
  7855 | D:7      | Found a shadowy altar of Dithmenos.
  7855 | D:7      | Found a bloodstained altar of Trog.
  7868 | D:7      | Reached skill level 14 in Axes
  7874 | D:7      | Reached skill level 5 in Armour
  7874 | D:7      | Reached skill level 5 in Shields
  7977 | D:8      | Reached XP level 10. HP: 70/91 MP: 10/10
  8117 | D:8      | Reached skill level 1 in Dodging
  8440 | D:8      | Found a stormy altar of Qazlal.
  8527 | D:8      | Became a worshipper of Qazlal Stormbringer
  8665 | D:8      | Noticed Maurice
  8672 | D:8      | Reached skill level 1 in Invocations
  8677 | D:8      | Paralysed by something for 3 turns
  8687 | D:8      | Paralysed by something for 5 turns
  8694 | D:8      | Paralysed by something for 2 turns
  8697 | D:8      | Killed Maurice
  9070 | D:8      | Reached skill level 15 in Axes
  9681 | D:9      | Reached skill level 5 in Invocations
  9733 | D:9      | Reached * piety under Qazlal
 10010 | D:9      | Reached XP level 11. HP: 54/97 MP: 15/15
 10251 | D:9      | Found Onguemuz's Weapon Shoppe.
 10257 | D:9      | Found Emiwkurphi's Book Shoppe.
 10259 | D:9      | Found Zalych's Magic Scroll Shoppe.
 10264 | D:9      | Found Uthur's Distillery.
 10271 | D:9      | Bought a scroll of identify for 24 gold pieces
 10271 | D:9      | Bought a scroll of identify for 24 gold pieces
 10277 | D:9      | Bought a potion of heal wounds for 75 gold pieces
 10277 | D:9      | Bought a potion of heal wounds for 75 gold pieces
 10277 | D:9      | Bought 2 potions of heal wounds for 150 gold pieces
 10513 | D:9      | Found an ornate altar of the Wu Jian Council.
 10513 | D:9      | Found a sacrificial altar of Ru.
 10873 | D:10     | Entered Level 10 of the Dungeon
 11327 | D:10     | Reached ** piety under Qazlal
 11413 | D:10     | Found a staircase to the Orcish Mines.
 11852 | D:10     | Reached skill level 16 in Axes
 12131 | D:11     | Noticed a skeletal warrior
 12131 | D:11     | Noticed a skeletal warrior
 12131 | D:11     | Noticed a skeletal warrior
 12131 | D:11     | Noticed a skeletal warrior
 12142 | D:11     | Killed a skeletal warrior
 12142 | D:11     | Noticed a skeletal warrior
 12154 | D:11     | Killed a skeletal warrior
 12160 | D:11     | Killed a skeletal warrior
 12161 | D:11     | Reached skill level 10 in Invocations
 12165 | D:11     | HP: 4/97 [skeletal warrior/+0 scimitar (7)]
 12166 | D:11     | Mangled by a skeletal warrior

Illustrated notes

Levels and vault maps discovered:
D:1:      evilmike_arrival_crescent, layout_loops_ring
D:2:      layout_basic
D:3:      layout_basic, serial_co_window_serial, co_window_corner_a,
          co_window_paths_a, co_window_paths_b, co_window_paths_a,
          co_window_paths_a, co_window_paths_c, co_window_unsneaky_path_b,
          co_window_unsneaky_path_e, co_window_broadway_b,
          co_window_of_opportunity_c, co_window_of_opportunity_c,
          co_window_4corner_a, co_window_sun, glass_columns_c,
          grunt_ministairs_3, hangedman_abyss_or_decor_lesser_grid, uniq_ijyb
D:4:      layout_cave_pods, lemuel_doored_altar, minmay_temple_entry_glass,
          uniq_sigmund, uniq_edmund, uniq_blork_the_orc
D:5:      layout_cave_pods, dreamdust_divine_triumvirate,
          minmay_misc_feat_columns, chequers_decorated_corner
D:6:      layout_gridville
D:7:      layout_loops_ring, gammafunk_temple_overflow_pools, serial_shops,
          nicolae_shop_stone, gup_ossuary_entry_pyramid
D:8:      layout_cave_pods, mainiacjoe_overflow_paths, uniq_maurice
D:9:      layout_grid_maze, nicolae_overflow_squiral, minmay_misc_feat_five,
          minmay_shop_grid_forest
D:10:     layout_loops_corners, erik_orc_2
D:11:     lemuel_castle_with_subvaults [lemuel_castle_interior_carwin_1],
          layout_irregular_city, erik_lair_dragon, serial_shops, shop,
          nicolae_fountain_basement, uniq_grum
Temple:   nicolae_temple_god_jail

Skill      XL: |  1  2  3  4  5  6  7  8  9 10 11 |
---------------+----------------------------------+-----
Axes           | 3 4 5 7 8 9 12 14 15 16 | 16.0
Fighting       | 4 5 6 7 8 9 |  9.0
Shields        | 5 |  5.0
Armour         | 5 7 |  7.0
Dodging        | 2 4 |  4.2
Invocations    | 6 10 | 10.3

Action                     |  1- 3 |  4- 6 |  7- 9 | 10-12 || total
---------------------------+-------+-------+-------+-------++-------
  Melee: War axe           |    72 |   103 |   381 |   464 ||  1020
   Fire: Sling             |     7 |       |    47 |     2 ||    56
  Throw: Boomerang         |       |     4 |     6 |     5 ||    15
 Invoke: Upheaval          |       |       |       |     2 ||     2
    Use: Potion            |       |     3 |       |     3 ||     6
         Scroll            |       |       |    12 |     6 ||    18
 Armour: Scale mail        |    31 |    36 |    91 |    99 ||   257
         Skin              |       |     7 |       |       ||     7
         Leather armour    |       |       |       |     3 ||     3
  Dodge: Dodged            |    30 |    37 |   185 |   215 ||   467
  Block: Buckler           |    13 |    17 |    90 |   161 ||   281

Table legend: (Time is in decaauts)
 A = Elapsed time spent in this place.
 B = Non-inter-level travel time spent in this place.
 C = Inter-level travel time spent in this place.
 D = Time resting spent in this place.
 E = Time spent auto-exploring this place.
 F = Levels seen in this place.
 G = Mean time per level.
                   A        B        C        D        E       F      G
               +--------+--------+--------+--------+--------+-----+--------+
         Total |  12087 |  11690 |    397 |   2447 |   6779 |  13 |  929.8 |
       Dungeon |  11598 |  11215 |    383 |   2331 |   6751 |  11 | 1054.4 |
        Temple |     53 |     39 |     14 |      0 |     28 |   1 |   53.0 |
       Ossuary |    436 |    436 |      0 |    116 |      0 |   1 |  436.0 |
               +--------+--------+--------+--------+--------+-----+--------+

Top non-repeatable levels by time:
     D:9: 1619 daAuts
     D:3: 1313 daAuts
     D:4: 1271 daAuts
     D:8: 1224 daAuts
    D:10: 1169 daAuts
     D:5: 1147 daAuts
     D:6: 1089 daAuts
     D:2: 1036 daAuts
     D:7: 947 daAuts
     D:1: 720 daAuts
 Ossuary: 436 daAuts
    D:11: 58 daAuts
  Temple: 53 daAuts
